 Dungeon Crawl Stone Soup version 0.23.1-41-g7e51ed3 (webtiles) character file.

Game seed: 1045319074646618262

185 Borgoz the Cutter (level 5, -8/32 HPs)
             Began as a Gargoyle Gladiator on Mar 29, 2019.
             Killed by divine providence
             ... invoked by an orc priest
              (12 damage)
             ... on level 3 of the Dungeon.
             The game lasted 00:03:25 (1675 turns).

Borgoz the Cutter (Gargoyle Gladiator)              Turns: 1675, Time: 00:03:26

Health: -8/32      AC:  8    Str: 16 (18) XL:     5   Next: 64%
Magic:  5/5        EV: 12    Int:  7 (8)  God:
Gold:   78         SH:  0    Dex:  9 (12) Spells: 4/5 levels left

rFire    . . .     SeeInvis .   a - +0 rapier
rCold    . . .     Gourm    .   (no shield)
rNeg     + . .     Faith    .   b - +0 leather armour
rPois    ∞         Spirit   .   c - +0 helmet
rElec    +         Reflect  .   (no cloak)
rCorr    .         Harm     .   (no gloves)
MR       .....                  (no boots)
Stlth    +.........             (no amulet)
HPRegen  0.10/turn              (no ring)
MPRegen  0.09/turn              (no ring)

@: hasted, very quick
A: negative energy resistance 1, electricity resistance, unbreathing,
petrification resistance, rot immunity, AC +4
a: no special abilities


You were on level 3 of the Dungeon.
You were not hungry.

You visited 1 branch of the dungeon, and saw 3 of its levels.

You collected 78 gold pieces.

Inventory:

Hand Weapons
 a - a +0 rapier (weapon)
Missiles
 d - 2 throwing nets (quivered)
Armour
 b - a +0 leather armour (worn)
 c - a +0 helmet (worn)
Scrolls
 e - 2 scrolls of remove curse
 i - 2 scrolls of identify {unknown}
 j - a scroll of magic mapping {unknown}
 k - a scroll of fog {unknown}
Comestibles
 f - 2 rations
 g - 4 chunks of flesh


   Skills:
 + Level 2.8 Fighting
 * Level 3.5 Short Blades
 - Level 1.7 Throwing
 * Level 2.5 Armour
 * Level 3.2 Dodging
 + Level 1.7 Stealth
 + Level 0.5 Spellcasting
 + Level 0.5 Hexes


You had 4 spell levels left.
You knew the following spells:

 Your Spells              Type           Power        Failure   Level  Hunger
a - Confusing Touch       Hex            #.....       38%         1    ##.....

Your spell library contained the following spells:

 Spells                   Type           Power        Failure   Level  Hunger
 Confuse                  Hex            #.......     77%         3    ####...
 Gell's Gravitas          Tloc           #.........   85%         3    ####...
 Petrify                  Tmut/Erth      #.......     99%         4    #####..
 Metabolic Englaciation   Hex/Ice        #.........   100%        5    ######.
 Yara's Violent Unravell  Hex/Tmut       #.........   100%        5    ######.


Dungeon Overview and Level Annotations

Branches:
Dungeon (3/15)

Altars:


Innate Abilities, Weirdness & Mutations

You are resistant to torment.
Your stone body is resilient. (AC +4)
You are immune to poison.
You resist negative energy. (rN+)
You are resistant to electric shocks. (rElec)
You can survive without breathing.
You are immune to petrification.
You are immune to rotting.


Message History

You see here an orc corpse.
You closely miss the orc. You hit the orc.
The orc is severely wounded.
You completely miss the orc.
The orc priest calls down the wrath of Beogh upon you.
Beogh smites you!
* * * LOW HITPOINT WARNING * * *
The orc closely misses you.
You are too injured to fight recklessly!
You are too injured to fight recklessly!
It was a potion of degeneration.
There was something very wrong with that liquid.
You feel weakened.
You feel dopey.
You feel clumsy. The orc hits you but does no damage.
It was a potion of haste.
You feel yourself speed up. The orc hits you but does no damage.
The orc priest mumbles some strange prayers to Beogh against you.
Beogh smites you!
You die...

### ..# #.# #.#
###.#########
#..?@†ooo....
###.#.####o..##
# #.........o .#
#. #.#.#.####.
###.##.#.#.###
###.............
................
###.#..#.#...###
#.#..#.#...#


You could see an orc priest and 3 orcs.

Vanquished Creatures
  An ogre (D:2)
  2 adders (D:2)
  An ooze (D:2)
  A worm (D:2)
  3 dart slugs
  2 leopard geckos
  An orc (D:3)
  6 bats
  4 giant cockroaches
  6 goblins
  9 hobgoblins
  2 jackals
  2 quokkas (D:3)
  2 frilled lizards (D:2)
  5 kobolds
  13 rats
60 creatures vanquished.

Notes
Turn   | Place    | Note
-------+----------+-------------------------------------------
     0 | D:1      | Borgoz the Gargoyle Gladiator began the quest for the Orb.
     0 | D:1      | Reached XP level 1. HP: 12/12 MP: 1/1
    57 | D:1      | Reached XP level 2. HP: 14/17 MP: 2/2
    68 | D:1      | Reached skill level 1 in Armour
   233 | D:1      | Reached XP level 3. HP: 22/22 MP: 3/3
   320 | D:1      | Reached skill level 1 in Stealth
   769 | D:2      | Reached XP level 4. HP: 27/27 MP: 4/4
   827 | D:2      | Learned a level 1 spell: Confusing Touch
   895 | D:2      | Noticed an ogre
   906 | D:2      | Killed an ogre
   906 | D:2      | Reached XP level 5. HP: 10/32 MP: 5/5
  1675 | D:3      | Killed from afar by an orc priest

Skill      XL: |  1  2  3  4 |
---------------+-------------+-----
Armour         | 1 2 |  2.5
Short Blades   | 3 |  3.5
Stealth        | 1 |  1.7
Dodging        | 3 |  3.2
Fighting       | |  2.8
Throwing       | |  1.7
Spellcasting   | |  0.5
Hexes          | |  0.5

Action                   |  1- 3 |  4- 6 || total
-------------------------+-------+-------++-------
Melee: Rapier            |   119 |    58 ||   177
Throw: Throwing net      |       |     2 ||     2
  Use: Potion            |       |     3 ||     3
       Scroll            |       |     1 ||     1
 Stab: Sleeping          |     2 |     1 ||     3
       Held in net/web   |       |     2 ||     2
  Eat: Chunk             |       |     3 ||     3
Armor: Leather armour    |    61 |    19 ||    80
Dodge: Dodged            |    94 |    28 ||   122
